Canadiens vs Maple Leafs

Created - 27 avril 2020 at 19:35

Goals
1 2 3 T
Canadiens 1 0 3 4
Maple Leafs 0 1 2 3
Shots
1 2 3 T
Canadiens 8 4 14 26
Maple Leafs 13 6 12 31

1st period

1. Canadiens , Chris Kreider 27 (Ryan O'Reilly 43, Mitch Marner 57) at 5:15

Penalties :
Andrei Svechnikov (TOR) for Hooking (Minor) at 9:58, Ben Hutton (TOR) for Hooking (Minor) at 16:14

2nd period

2. Maple Leafs , Alex Iafallo 9 (Mattias Janmark 12, Troy Stecher 18) at 17:49

Penalties :
Jake Muzzin (MTL) for Charging (Minor) at 5:11, Hampus Lindholm (TOR) for Tripping (Minor) at 11:43, Ben Hutton (TOR) for Tripping (Minor) at 18:22

3rd period

3. Canadiens , Chris Kreider 28 (Jake Muzzin 24, Mitch Marner 58) at 0:12 (PP)
4. Canadiens , Derick Brassard 13 (Andreas Athanasiou 26, Adam Larsson 22) at 3:05
5. Maple Leafs , Bobby Ryan 31 (Andrei Svechnikov 30, Kaapo Kakko 13) at 5:42 (PP)
6. Maple Leafs , Bobby Ryan 32 (Ben Hutton 21) at 13:11
7. Canadiens , Bryan Little 21 (Andreas Athanasiou 27, Derick Brassard 27) at 13:17

Penalties :
Mathew Barzal (MTL) for Abuse of Officials (Major / Game Misconduct) at 5:08

Goalie Stats

Laurent Brossoit (MTL), 28 saves from 31 shots - (0,903), W, 13-5-2, 60:00 minutes
Petr Mrazek (TOR), 22 saves from 26 shots - (0,846), L, 29-21-6, 59:53 minutes

Players Stats for Canadiens

Player Name              G  A  P  +/- PIM S  H  SB GA TA FO     MP     PP MP  PK MP  
------------------------------------------------------------------------------------
Adam Larsson             0  1  1  -1  0   2  1  1  0  1  0/0    21:21   3:58   0:49 
Alexander Nylander       0  0  0   0  0   1  0  0  1  0  0/1     7:27   0:00   0:00 
Andreas Athanasiou       0  2  2   1  0   0  1  1  2  0  1/1    11:46   0:00   0:00 
Brad Richardson          0  0  0   0  0   2  3  0  0  0  5/7    13:52   0:00   3:32 
Brent Seabrook           0  0  0   2  0   1  0  2  0  2  0/0    22:56   3:58   3:01 
Brett Pesce              0  0  0   0  0   2  1  1  0  0  0/0    22:08   3:49   3:49 
Bryan Little             1  0  1   1  0   3  0  0  0  0  6/6    17:50   3:26   2:40 
Chris Kreider            2  0  2   0  0   5  0  0  0  0  0/1    17:27   3:59   0:00 
Derick Brassard          1  1  2   1  0   1  0  0  0  0  8/15   12:39   0:00   0:41 
Jake Muzzin              0  1  1   0  2   0  2  0  0  0  0/0    21:02   3:49   2:34 
John Moore               0  0  0  -1  0   2  0  2  0  0  0/0    13:34   0:00   0:00 
Magnus Paajarvi          0  0  0   0  0   0  2  1  0  1  0/0    11:56   0:00   3:37 
Mathew Barzal            0  0  0   0  15  2  0  0  0  0  5/8    12:56   3:48   0:00 
Max Pacioretty           0  0  0   0  0   1  3  0  1  0  2/2    15:31   3:48   0:00 
Mitch Marner             0  2  2   0  0   1  0  0  1  0  0/2    18:13   3:59   0:39 
Nino Niederreiter        0  0  0   0  0   1  1  0  0  0  0/0    11:57   0:22   0:00 
Ryan O'Reilly            0  1  1   0  0   2  2  1  0  1  12/16  21:25   3:59   2:47 
Travis Hamonic           0  0  0   2  0   0  0  0  0  1  0/0    19:00   0:00   3:43 

Players Stats for Maple Leafs

Player Name              G  A  P  +/- PIM S  H  SB GA TA FO     MP     PP MP  PK MP  
------------------------------------------------------------------------------------
Alex Iafallo             1  0  1   0  0   3  1  0  0  0  0/0    12:06   0:00   2:31 
Andrei Svechnikov        0  1  1  -1  2   0  3  1  0  0  0/0    16:56   2:38   2:12 
Ben Hutton               0  1  1  -1  4   2  2  1  0  1  0/0    18:33   0:00   0:56 
Blake Comeau             0  0  0   0  0   0  2  1  0  0  0/1    13:06   0:50   4:18 
Bobby Ryan               2  0  2   1  0   3  1  0  0  0  3/7    15:16   2:41   1:03 
Dmitry Kulikov           0  0  0   0  0   1  1  0  0  1  0/0    13:27   0:13   4:21 
Fredrik Claesson         0  0  0   0  0   0  1  1  0  1  0/0    13:42   0:13   4:21 
Hampus Lindholm          0  0  0   0  2   1  1  2  0  0  0/0    23:30   3:01   2:20 
Ilya Kovalchuk           0  0  0  -1  0   2  2  0  0  0  0/2    12:23   0:00   0:00 
Jake Debrusk             0  0  0  -1  0   2  1  0  1  0  0/0    15:54   3:27   0:00 
Jesper Bratt             0  0  0   1  0   2  2  0  0  0  0/1    13:57   0:53   1:10 
Kaapo Kakko              0  1  1   1  0   3  3  0  1  0  0/0    14:13   2:41   0:00 
Logan Couture            0  0  0  -1  0   2  1  0  1  0  8/23   16:24   3:27   0:00 
Mattias Janmark          0  1  1   0  0   4  0  0  2  0  7/13   13:08   0:50   4:20 
Mike Hoffman             0  0  0  -1  0   3  0  0  0  0  2/12   17:39   3:44   0:00 
Mikhail Sergachev        0  0  0  -1  0   2  1  0  0  0  0/0    22:56   3:44   0:10 
Nikolaj Ehlers           0  0  0  -1  0   0  3  0  0  0  0/0    15:12   3:27   0:00 
Troy Stecher             0  1  1   0  0   1  2  1  1  2  0/0    23:47   3:01   3:26 

3 Stars

1 - Bobby Ryan (TOR)
2 - Chris Kreider (MTL)
3 - Derick Brassard (MTL)

Power Play

Canadiens - 1 on 4 Attempt(s) - 25,00%
Maple Leafs - 1 on 3 Attempt(s) - 33,33%

Penalty Kill

Canadiens - 2 on 3 Attempt(s) - 66,67% - Score 0 goal in Penalty Kill
Maple Leafs - 3 on 4 Attempt(s) - 75,00% - Score 0 goal in Penalty Kill

Team Stat

Canadiens - Hits : 16 - Faceoff Wins : 39 - Blocked Shots : 9 - Penalty Minutes : 17
Maple Leafs - Hits : 27 - Faceoff Wins : 20 - Blocked Shots : 7 - Penalty Minutes : 8

Official

Referees : Mark Lemelin and Steve Kozari
Linesman : Devin Berg and Shandor Alphonso

Game Notes

0:12 of 3rd period - Canadiens goal is going for a video replay. After video review, Goal.
Mathew Barzal ejected from game at 5:08 of 3rd period
Mathew Barzal from Canadiens is suspended for 1 game(s)

Finance

Level 1 -- Attendance: 4758 (79,30%) -- Ticket Income 523 380 $
Level 2 -- Attendance: 3709 (74,18%) -- Ticket Income 241 085 $
Level 3 -- Attendance: 1532 (76,60%) -- Ticket Income 68 940 $
Level 4 -- Attendance: 4000 (100,00%) -- Ticket Income 88 000 $
Luxury Box -- Attendance: 725 (72,50%) -- Ticket Income 163 125 $
Game was played at the Air Canada Center.
Total Attendance: 14724 (81,80%)
Total Ticket Income: 1 084 530 $
Other Income: 531 420 $
Total Income: 1 615 950 $

Canadiens

5 vs 5 Forward 
   Center                   Left Wing                Right Wing               Time % Phy DF OF 
 1 Ryan O'Reilly            Chris Kreider            Mitch Marner             32     0   2  3  
 2 Mathew Barzal            Max Pacioretty           Nino Niederreiter        29     0   2  3  
 3 Derick Brassard          Bryan Little             Andreas Athanasiou       29     0   2  3  
 4 Brad Richardson          Magnus Paajarvi          Alexander Nylander       10     0   2  3  

5 vs 5 Defense 
   Defense                  Defense                                           Time % Phy DF OF 
 1 Jake Muzzin              Adam Larsson                                      34     0   3  2  
 2 Brent Seabrook           Travis Hamonic                                    33     0   3  2  
 3 John Moore               Brett Pesce                                       31     0   3  2  
 4 Jake Muzzin              Brent Seabrook                                    2      0   3  2  

PowerPlay Forward 
   Center                   Left Wing                Right Wing               Time % Phy DF OF 
 1 Ryan O'Reilly            Chris Kreider            Mitch Marner             50     0   1  4  
 2 Mathew Barzal            Max Pacioretty           Bryan Little             50     0   1  4  

PowerPlay Defense
   Defense                  Defense                                           Time % Phy DF OF 
 1 Brett Pesce              Jake Muzzin                                       50     0   3  2  
 2 Adam Larsson             Brent Seabrook                                    50     0   3  2  

Penalty Kill 4 Players Forward 
   Center                   Wing                     Time % Phy DF OF 
 1 Brad Richardson          Magnus Paajarvi          50     0   4  1  
 2 Bryan Little             Ryan O'Reilly            50     0   4  1  

Penalty Kill 4 Players Defense
   Defense                  Defense                  Time % Phy DF OF 
 1 Jake Muzzin              Travis Hamonic           50     0   4  1  
 2 Brett Pesce              Brent Seabrook           50     0   4  1  

Penalty Kill - 3 Players Forward 
   Forward                                           Time % Phy DF OF 
 1 Brad Richardson                                   60     0   5  0  
 2 Ryan O'Reilly                                     40     0   5  0  

Penalty Kill - 3 Players Defense
   Defense                  Defense                  Time % Phy DF OF 
 1 Jake Muzzin              Brent Seabrook           60     0   5  0  
 2 Adam Larsson             Travis Hamonic           40     0   5  0  

4 vs 4 Forward 
   Center                   Wing                     Time % Phy DF OF 
 1 Mathew Barzal            Mitch Marner             50     0   2  3  
 2 Bryan Little             Ryan O'Reilly            50     0   2  3  

4 vs 4 Defense
   Defense                  Defense                  Time % Phy DF OF 
 1 Travis Hamonic           Adam Larsson             50     0   4  1  
 2 Jake Muzzin              Brent Seabrook           50     0   4  1  

Last Minutes Offensive
   Center                   Left Wing                Right Wing               Defense                  Defense                  
   Ryan O'Reilly            Chris Kreider            Mitch Marner             Jake Muzzin              Brent Seabrook           

Last Minutes Defensive
   Center                   Left Wing                Right Wing               Defense                  Defense                  
   Brad Richardson          Magnus Paajarvi          Ryan O'Reilly            Travis Hamonic           Brett Pesce              

Goaltenders
Starting : Laurent Brossoit         
Backup : Robin Lehner             

Extra Forwards
Normal : Mathew Barzal, Max Pacioretty, Brad Richardson - PP : Nino Niederreiter, Andreas Athanasiou - PK : Mitch Marner
Extra Defensemen
Normal : Travis Hamonic, Brett Pesce, Adam Larsson - PP : John Moore - PK : Brett Pesce, Adam Larsson
Penalty Shots
Andreas Athanasiou, Alexander Nylander, Derick Brassard, Brett Pesce, Brent Seabrook
Custom OT Lines Forwards
Ryan O'Reilly, Mitch Marner, Mathew Barzal, Chris Kreider, Bryan Little, Max Pacioretty, Andreas Athanasiou, Nino Niederreiter, Derick Brassard, Alexander Nylander
Custom OT Lines Defensemen
Jake Muzzin, Brent Seabrook, Adam Larsson, Travis Hamonic, John Moore

Scratches
Anthony DeAngelo (Healthy)

Maple Leafs

5 vs 5 Forward 
   Center                   Left Wing                Right Wing               Time % Phy DF OF 
 1 Logan Couture            Andrei Svechnikov        Nikolaj Ehlers           31     0   1  4  
 2 Mike Hoffman             Jake Debrusk             Ilya Kovalchuk           31     0   1  4  
 3 Bobby Ryan               Jesper Bratt             Kaapo Kakko              28     0   1  4  
 4 Mattias Janmark          Alex Iafallo             Blake Comeau             10     0   5  0  

5 vs 5 Defense 
   Defense                  Defense                                           Time % Phy DF OF 
 1 Hampus Lindholm          Troy Stecher                                      40     1   2  2  
 2 Ben Hutton               Mikhail Sergachev                                 40     1   2  2  
 3 Fredrik Claesson         Dmitry Kulikov                                    20     1   2  2  
 4 Hampus Lindholm          Troy Stecher                                      0      1   2  2  

PowerPlay Forward 
   Center                   Left Wing                Right Wing               Time % Phy DF OF 
 1 Logan Couture            Jake Debrusk             Nikolaj Ehlers           60     1   0  4  
 2 Bobby Ryan               Andrei Svechnikov        Kaapo Kakko              40     1   0  4  

PowerPlay Defense
   Defense                  Defense                                           Time % Phy DF OF 
 1 Mike Hoffman             Mikhail Sergachev                                 60     1   0  4  
 2 Hampus Lindholm          Troy Stecher                                      40     1   0  4  

Penalty Kill 4 Players Forward 
   Center                   Wing                     Time % Phy DF OF 
 1 Mattias Janmark          Blake Comeau             99     1   4  0  
 2 Alex Iafallo             Jesper Bratt             1      1   4  0  

Penalty Kill 4 Players Defense
   Defense                  Defense                  Time % Phy DF OF 
 1 Fredrik Claesson         Dmitry Kulikov           60     1   4  0  
 2 Hampus Lindholm          Troy Stecher             40     1   4  0  

Penalty Kill - 3 Players Forward 
   Forward                                           Time % Phy DF OF 
 1 Alex Iafallo                                      50     1   2  2  
 2 Mattias Janmark                                   50     1   2  2  

Penalty Kill - 3 Players Defense
   Defense                  Defense                  Time % Phy DF OF 
 1 Hampus Lindholm          Troy Stecher             60     1   2  2  
 2 Dmitry Kulikov           Ben Hutton               40     1   2  2  

4 vs 4 Forward 
   Center                   Wing                     Time % Phy DF OF 
 1 Logan Couture            Ilya Kovalchuk           60     1   2  2  
 2 Mike Hoffman             Jesper Bratt             40     1   2  2  

4 vs 4 Defense
   Defense                  Defense                  Time % Phy DF OF 
 1 Hampus Lindholm          Mikhail Sergachev        60     1   2  2  
 2 Dmitry Kulikov           Troy Stecher             40     1   2  2  

Last Minutes Offensive
   Center                   Left Wing                Right Wing               Defense                  Defense                  
   Logan Couture            Bobby Ryan               Mike Hoffman             Hampus Lindholm          Mikhail Sergachev        

Last Minutes Defensive
   Center                   Left Wing                Right Wing               Defense                  Defense                  
   Logan Couture            Blake Comeau             Mattias Janmark          Hampus Lindholm          Ben Hutton               

Goaltenders
Starting : Petr Mrazek              
Backup : Anders Nilsson           

Extra Forwards
Normal : Andrei Svechnikov, Kaapo Kakko, Alex Iafallo - PP : Andrei Svechnikov, Kaapo Kakko - PK : Alex Iafallo
Extra Defensemen
Normal : Fredrik Claesson, Mikhail Sergachev, Dmitry Kulikov - PP : Fredrik Claesson - PK : Ben Hutton, Dmitry Kulikov
Penalty Shots
Logan Couture, Mike Hoffman, Bobby Ryan, Jake Debrusk, Blake Comeau
Custom OT Lines Forwards
Logan Couture, Andrei Svechnikov, Bobby Ryan, Nikolaj Ehlers, Mike Hoffman, Jake Debrusk, Mattias Janmark, Jesper Bratt, Ilya Kovalchuk, Kaapo Kakko
Custom OT Lines Defensemen
Hampus Lindholm, Mikhail Sergachev, Dmitry Kulikov, Ben Hutton, Troy Stecher

Scratches
Travis Dermott (Healthy)

% Time on Ice - Canadiens

Lines # - Real PCT - Wanted PCT - Time Play
Normal Forward
1 - 31% - 32% - 13:30
2 - 27% - 29% - 11:42
3 - 27% - 29% - 11:46
4 - 16% - 10% - 7:04
Normal Defense
1 - 33% - 34% - 14:19
2 - 33% - 33% - 14:34
3 - 31% - 31% - 13:34
4 - 4% - 2% - 1:35
PP Forward
1 - 51% - 50% - 3:59
2 - 49% - 50% - 3:48
PP Defense
1 - 49% - 50% - 3:49
2 - 51% - 50% - 3:58
PK Forward
1 - 54% - 50% - 3:46
2 - 46% - 50% - 3:12
PK Defense
1 - 57% - 50% - 3:57
2 - 43% - 50% - 3:01
PK3 Forward
1 - 0% - 60%
2 - 0% - 40%
PK3 Defense
1 - 0% - 60%
2 - 0% - 40%
44 Forward
1 - 0% - 50%
2 - 0% - 50%
44 Defense
1 - 0% - 50%
2 - 0% - 50%
Last Minute Offensive  - 0:00
Last Minute Defensive  - 1:13
Total
Forward - 60:00
Defense - 60:00

% Time on Ice - Maple Leafs

Lines # - Real PCT - Wanted PCT - Time Play
Normal Forward
1 - 28% - 31% - 12:10
2 - 28% - 31% - 12:24
3 - 26% - 28% - 11:31
4 - 18% - 10% - 7:58
Normal Defense
1 - 39% - 40% - 17:08
2 - 42% - 40% - 18:28
3 - 19% - 20% - 8:27
4 - 0% - 0% - 0:00
PP Forward
1 - 61% - 60% - 4:17
2 - 39% - 40% - 2:41
PP Defense
1 - 57% - 60% - 3:57
2 - 43% - 40% - 3:01
PK Forward
1 - 100% - 99% - 7:47
2 - 0% - 1% - 0:00
PK Defense
1 - 56% - 60% - 4:21
2 - 44% - 40% - 3:26
PK3 Forward
1 - 0% - 50%
2 - 0% - 50%
PK3 Defense
1 - 0% - 60%
2 - 0% - 40%
44 Forward
1 - 0% - 60%
2 - 0% - 40%
44 Defense
1 - 0% - 60%
2 - 0% - 40%
Last Minute Offensive  - 1:12
Last Minute Defensive  - 0:00
Total
Forward - 60:00
Defense - 60:00

Play-by-Play

1st period


0:01 of 1st period - Ryan O'Reilly wins face-off versus Logan Couture in neutral zone.
0:13 of 1st period - Icing by Adam Larsson.
0:14 of 1st period - Ryan O'Reilly wins face-off versus Mike Hoffman in Canadiens zone.
0:19 of 1st period - Wrist shot by Chris Kreider.
0:19 of 1st period - Stopped by Petr Mrazek without a rebound.
0:20 of 1st period - Max Pacioretty wins face-off versus Mike Hoffman in Maple Leafs zone.
0:49 of 1st period - Wrist shot by Kaapo Kakko.
0:49 of 1st period - Stopped by Laurent Brossoit with a rebound.
0:51 of 1st period - Slapshot by Ben Hutton.
0:51 of 1st period - Shot Misses the Net.
1:25 of 1st period - John Moore is hit by Nikolaj Ehlers and loses puck.
1:30 of 1st period - Wrist shot by Logan Couture.
1:30 of 1st period - Stopped by Laurent Brossoit with a rebound.
2:14 of 1st period - Snap shot by Kaapo Kakko.
2:14 of 1st period - Stopped by Laurent Brossoit with a rebound.
2:16 of 1st period - Slapshot by Hampus Lindholm.
2:16 of 1st period - Shot Misses the Net.
2:46 of 1st period - John Moore is hit by Nikolaj Ehlers and loses puck.
2:51 of 1st period - Snap shot by Andrei Svechnikov.
2:51 of 1st period - Shot Blocked by Brett Pesce.
3:16 of 1st period - Brett Pesce is hit by Ilya Kovalchuk.
3:30 of 1st period - Travis Hamonic is hit by Mikhail Sergachev and loses puck.
3:51 of 1st period - Fredrik Claesson is hit by Magnus Paajarvi.
3:55 of 1st period - Fredrik Claesson is hit by Brad Richardson and loses puck.
4:00 of 1st period - Backhand shot by Alexander Nylander.
4:00 of 1st period - Stopped by Petr Mrazek with a rebound.
4:16 of 1st period - Snap shot by Mattias Janmark.
4:16 of 1st period - Stopped by Laurent Brossoit without a rebound.
4:17 of 1st period - Mattias Janmark wins face-off versus Mitch Marner in Canadiens zone.
4:57 of 1st period - Snap shot by Alex Iafallo.
4:57 of 1st period - Stopped by Laurent Brossoit with a rebound.
5:09 of 1st period - Slapshot by Mitch Marner.
5:09 of 1st period - Shot Misses the Net.
5:13 of 1st period - Wrist shot by Ryan O'Reilly.
5:13 of 1st period - Shot Blocked by Hampus Lindholm.
5:15 of 1st period - Slapshot by Chris Kreider.
5:15 of 1st period - Goal by Chris Kreider - Canadiens : 1 - Maple Leafs : 0.
5:16 of 1st period - Mathew Barzal wins face-off versus Mike Hoffman in neutral zone.
5:29 of 1st period - Ben Hutton is hit by Nino Niederreiter and loses puck.
6:45 of 1st period - Snap shot by Max Pacioretty.
6:45 of 1st period - Shot Misses the Net.
6:47 of 1st period - Slapshot by John Moore.
6:47 of 1st period - Stopped by Petr Mrazek without a rebound.
6:48 of 1st period - Derick Brassard wins face-off versus Bobby Ryan in Maple Leafs zone.
7:13 of 1st period - Jake Muzzin is hit by Logan Couture and loses puck.
7:42 of 1st period - Backhand shot by Ryan O'Reilly.
7:42 of 1st period - Shot Blocked by Fredrik Claesson.
7:48 of 1st period - Snap shot by Chris Kreider.
7:48 of 1st period - Deflect By Mitch Marner.
7:48 of 1st period - Shot Misses the Net.
7:48 of 1st period - Puck is out of play.
7:49 of 1st period - Bobby Ryan wins face-off versus Derick Brassard in Maple Leafs zone.
7:49 of 1st period - Bobby Ryan is hit by Andreas Athanasiou.
8:59 of 1st period - Snap shot by Mike Hoffman.
8:59 of 1st period - Deflect By Bobby Ryan.
8:59 of 1st period - Shot Misses the Net.
8:59 of 1st period - Puck is out of play.
9:00 of 1st period - Bobby Ryan wins face-off versus Brad Richardson in Canadiens zone.
9:30 of 1st period - Brett Pesce is hit by Jesper Bratt and loses puck.
9:37 of 1st period - Wrist shot by Kaapo Kakko.
9:37 of 1st period - Shot Misses the Net.
9:39 of 1st period - Slapshot by Troy Stecher.
9:39 of 1st period - Stopped by Laurent Brossoit without a rebound.
9:40 of 1st period - Logan Couture wins face-off versus Derick Brassard in Canadiens zone.
9:58 of 1st period - Minor Penalty to Andrei Svechnikov for Hooking.
9:59 of 1st period - Ryan O'Reilly wins face-off versus Blake Comeau in Maple Leafs zone.
10:15 of 1st period - Snap shot by Chris Kreider.
10:15 of 1st period - Deflect By Ryan O'Reilly.
10:15 of 1st period - Shot Misses the Net.
10:15 of 1st period - Puck is out of play.
10:16 of 1st period - Mathew Barzal wins face-off versus Mattias Janmark in Maple Leafs zone.
10:50 of 1st period - Wrist shot by Chris Kreider.
10:50 of 1st period - Shot Misses the Net.
11:10 of 1st period - Slapshot by Ryan O'Reilly.
11:10 of 1st period - Shot Blocked by Hampus Lindholm.
11:16 of 1st period - Snap shot by Chris Kreider.
11:16 of 1st period - Stopped by Petr Mrazek with a rebound.
11:18 of 1st period - Slapshot by Brent Seabrook.
11:18 of 1st period - Stopped by Petr Mrazek without a rebound.
11:19 of 1st period - Mattias Janmark wins face-off versus Mathew Barzal in Maple Leafs zone.
11:58 of 1st period - Penalty to Andrei Svechnikov is over, Andrei Svechnikov is back on ice.
12:28 of 1st period - Wrist shot by Jake Debrusk.
12:28 of 1st period - Shot Misses the Net.
12:30 of 1st period - Snap shot by Hampus Lindholm.
12:30 of 1st period - Stopped by Laurent Brossoit with a rebound.
12:36 of 1st period - Slapshot by Mike Hoffman.
12:36 of 1st period - Stopped by Laurent Brossoit without a rebound.
12:37 of 1st period - Ryan O'Reilly wins face-off versus Logan Couture in Canadiens zone.
12:37 of 1st period - Ryan O'Reilly is hit by Andrei Svechnikov.
12:49 of 1st period - Snap shot by Andrei Svechnikov.
12:49 of 1st period - Shot Blocked by Ryan O'Reilly.
13:22 of 1st period - Wrist shot by Jesper Bratt.
13:22 of 1st period - Stopped by Laurent Brossoit without a rebound.
13:23 of 1st period - Brad Richardson wins face-off versus Bobby Ryan in Canadiens zone.
13:28 of 1st period - Wrist shot by Brad Richardson.
13:28 of 1st period - Shot Misses the Net.
13:44 of 1st period - Snap shot by Jesper Bratt.
13:44 of 1st period - Deflect By Jake Muzzin.
13:44 of 1st period - Stopped by Laurent Brossoit with a rebound.
13:46 of 1st period - Slapshot by Ben Hutton.
13:46 of 1st period - Stopped by Laurent Brossoit with a rebound.
14:04 of 1st period - Wrist shot by Brad Richardson.
14:04 of 1st period - Shot Blocked by Troy Stecher.
14:06 of 1st period - Slapshot by Adam Larsson.
14:06 of 1st period - Stopped by Petr Mrazek without a rebound.
14:07 of 1st period - Bryan Little wins face-off versus Mike Hoffman in Maple Leafs zone.
14:37 of 1st period - Slapshot by Max Pacioretty.
14:37 of 1st period - Deflect By Mathew Barzal.
14:37 of 1st period - Shot Misses the Net.
14:37 of 1st period - Puck is out of play.
14:38 of 1st period - Logan Couture wins face-off versus Mathew Barzal in Maple Leafs zone.
15:03 of 1st period - Hampus Lindholm is hit by Jake Muzzin and loses puck.
15:08 of 1st period - Wrist shot by Ryan O'Reilly.
15:08 of 1st period - Shot Misses the Net.
15:22 of 1st period - Snap shot by Kaapo Kakko.
15:22 of 1st period - Stopped by Laurent Brossoit without a rebound.
15:23 of 1st period - Derick Brassard wins face-off versus Bobby Ryan in Canadiens zone.
15:23 of 1st period - Derick Brassard is hit by Kaapo Kakko.
15:36 of 1st period - Ben Hutton is hit by Jake Muzzin and loses puck.
16:14 of 1st period - Minor Penalty to Ben Hutton for Hooking.
16:15 of 1st period - Ryan O'Reilly wins face-off versus Mattias Janmark in Maple Leafs zone.
17:09 of 1st period - Brett Pesce is hit by Andrei Svechnikov and loses puck.
18:02 of 1st period - Jesper Bratt is hit by Max Pacioretty and loses puck.
18:14 of 1st period - Penalty to Ben Hutton is over, Ben Hutton is back on ice.
18:27 of 1st period - Wrist shot by Mike Hoffman.
18:27 of 1st period - Shot Blocked by Brent Seabrook.
18:29 of 1st period - Snap shot by Ben Hutton.
18:29 of 1st period - Shot Misses the Net.
18:39 of 1st period - Slapshot by Brad Richardson.
18:39 of 1st period - Shot Misses the Net.
18:59 of 1st period - Wrist shot by Logan Couture.
18:59 of 1st period - Deflect By John Moore.
18:59 of 1st period - Stopped by Laurent Brossoit without a rebound.
19:00 of 1st period - Derick Brassard wins face-off versus Logan Couture in Canadiens zone.
19:07 of 1st period - Wrist shot by Andreas Athanasiou.
19:07 of 1st period - Shot Blocked by Andrei Svechnikov.
19:09 of 1st period - Slapshot by John Moore.
19:09 of 1st period - Stopped by Petr Mrazek with a rebound.
19:11 of 1st period - Slapshot by John Moore.
19:11 of 1st period - Deflect By Derick Brassard.
19:11 of 1st period - Shot Misses the Net.
19:11 of 1st period - Puck is out of play.
19:12 of 1st period - Ryan O'Reilly wins face-off versus Mike Hoffman in Maple Leafs zone.
Goals for this period are 1 for Canadiens vs 0 for Maple Leafs.
Shots for this period are 8 for Canadiens vs 13 for Maple Leafs.

2nd period


0:01 of 2nd period - Ryan O'Reilly wins face-off versus Mike Hoffman in neutral zone.
0:52 of 2nd period - Wrist shot by Mattias Janmark.
0:52 of 2nd period - Stopped by Laurent Brossoit without a rebound.
0:53 of 2nd period - Mattias Janmark wins face-off versus Ryan O'Reilly in Canadiens zone.
1:34 of 2nd period - Wrist shot by Mattias Janmark.
1:34 of 2nd period - Stopped by Laurent Brossoit with a rebound.
1:36 of 2nd period - Slapshot by Dmitry Kulikov.
1:36 of 2nd period - Stopped by Laurent Brossoit without a rebound.
1:37 of 2nd period - Mathew Barzal wins face-off versus Mike Hoffman in Canadiens zone.
1:48 of 2nd period - Snap shot by Nino Niederreiter.
1:48 of 2nd period - Stopped by Petr Mrazek with a rebound.
1:50 of 2nd period - Slapshot by Max Pacioretty.
1:50 of 2nd period - Stopped by Petr Mrazek with a rebound.
1:52 of 2nd period - Wrist shot by Mathew Barzal.
1:52 of 2nd period - Stopped by Petr Mrazek without a rebound.
1:53 of 2nd period - Logan Couture wins face-off versus Derick Brassard in Maple Leafs zone.
2:23 of 2nd period - Ilya Kovalchuk is hit by Max Pacioretty.
3:15 of 2nd period - Icing by Mitch Marner.
3:16 of 2nd period - Derick Brassard wins face-off versus Mattias Janmark in Canadiens zone.
3:16 of 2nd period - Derick Brassard is hit by Blake Comeau.
3:28 of 2nd period - Backhand shot by Mattias Janmark.
3:28 of 2nd period - Deflect By Bryan Little.
3:28 of 2nd period - Shot Blocked by Andreas Athanasiou.
3:28 of 2nd period - Puck is out of play.
3:29 of 2nd period - Mathew Barzal wins face-off versus Mike Hoffman in Canadiens zone.
4:03 of 2nd period - Slapshot by Mathew Barzal.
4:03 of 2nd period - Stopped by Petr Mrazek without a rebound.
4:04 of 2nd period - Derick Brassard wins face-off versus Logan Couture in Maple Leafs zone.
5:11 of 2nd period - Minor Penalty to Jake Muzzin for Charging.
5:12 of 2nd period - Logan Couture wins face-off versus Brad Richardson in Canadiens zone.
5:26 of 2nd period - Off-side.
5:27 of 2nd period - Bryan Little wins face-off versus Logan Couture in neutral zone.
5:40 of 2nd period - Wrist shot by Nikolaj Ehlers.
5:40 of 2nd period - Shot Misses the Net.
5:52 of 2nd period - Bobby Ryan is hit by Magnus Paajarvi and loses puck.
7:11 of 2nd period - Penalty to Jake Muzzin is over, Jake Muzzin is back on ice.
8:59 of 2nd period - Troy Stecher is hit by Ryan O'Reilly and loses puck.
9:23 of 2nd period - Logan Couture is hit by Brad Richardson.
9:37 of 2nd period - Magnus Paajarvi is hit by Fredrik Claesson and loses puck.
10:49 of 2nd period - Nino Niederreiter is hit by Ben Hutton and loses puck.
11:02 of 2nd period - Wrist shot by Bobby Ryan.
11:02 of 2nd period - Shot Misses the Net.
11:07 of 2nd period - Off-side.
11:08 of 2nd period - Mattias Janmark wins face-off versus Ryan O'Reilly in neutral zone.
11:20 of 2nd period - Off-side.
11:21 of 2nd period - Derick Brassard wins face-off versus Logan Couture in neutral zone.
11:43 of 2nd period - Minor Penalty to Hampus Lindholm for Tripping.
11:44 of 2nd period - Max Pacioretty wins face-off versus Mattias Janmark in Maple Leafs zone.
12:51 of 2nd period - Chris Kreider is hit by Andrei Svechnikov and loses puck.
13:43 of 2nd period - Penalty to Hampus Lindholm is over, Hampus Lindholm is back on ice.
14:16 of 2nd period - Derick Brassard is hit by Dmitry Kulikov.
14:17 of 2nd period - Icing by Derick Brassard.
14:18 of 2nd period - Andreas Athanasiou wins face-off versus Mike Hoffman in Canadiens zone.
14:18 of 2nd period - Andreas Athanasiou is hit by Jake Debrusk.
14:36 of 2nd period - Magnus Paajarvi is hit by Kaapo Kakko and loses puck.
14:50 of 2nd period - Icing by Adam Larsson.
14:51 of 2nd period - Logan Couture wins face-off versus Alexander Nylander in Canadiens zone.
15:04 of 2nd period - Wrist shot by Andrei Svechnikov.
15:04 of 2nd period - Shot Blocked by Adam Larsson.
15:09 of 2nd period - Off-side.
15:10 of 2nd period - Ryan O'Reilly wins face-off versus Ilya Kovalchuk in neutral zone.
15:25 of 2nd period - Slapshot by Ilya Kovalchuk.
15:25 of 2nd period - Stopped by Laurent Brossoit with a rebound.
16:24 of 2nd period - Icing by Mattias Janmark.
16:25 of 2nd period - Mattias Janmark wins face-off versus Ryan O'Reilly in Maple Leafs zone.
16:30 of 2nd period - Snap shot by Mikhail Sergachev.
16:30 of 2nd period - Stopped by Laurent Brossoit without a rebound.
16:31 of 2nd period - Logan Couture wins face-off versus Chris Kreider in Canadiens zone.
17:49 of 2nd period - Wrist shot by Alex Iafallo.
17:49 of 2nd period - Goal by Alex Iafallo - Canadiens : 1 - Maple Leafs : 1.
17:50 of 2nd period - Mathew Barzal wins face-off versus Logan Couture in neutral zone.
18:22 of 2nd period - Minor Penalty to Ben Hutton for Tripping.
18:23 of 2nd period - Mattias Janmark wins face-off versus Mathew Barzal in Maple Leafs zone.
Goals for this period are 0 for Canadiens vs 1 for Maple Leafs.
Shots for this period are 4 for Canadiens vs 6 for Maple Leafs.

3rd period


0:01 of 3rd period - Ryan O'Reilly wins face-off versus Mattias Janmark in neutral zone.
0:08 of 3rd period - Wrist shot by Mitch Marner.
0:08 of 3rd period - Stopped by Petr Mrazek with a rebound.
0:10 of 3rd period - Slapshot by Jake Muzzin.
0:10 of 3rd period - Shot Misses the Net.
0:12 of 3rd period - Wrist shot by Chris Kreider.
0:12 of 3rd period - Canadiens goal is going for a video replay.
0:12 of 3rd period - The goal is good.
0:12 of 3rd period - Goal by Chris Kreider - Canadiens : 2 - Maple Leafs : 1.
0:13 of 3rd period - Logan Couture wins face-off versus Derick Brassard in neutral zone.
0:45 of 3rd period - Off-side.
0:46 of 3rd period - Logan Couture wins face-off versus Ryan O'Reilly in neutral zone.
1:13 of 3rd period - Slapshot by Ben Hutton.
1:13 of 3rd period - Shot Misses the Net.
1:15 of 3rd period - Wrist shot by Jake Debrusk.
1:15 of 3rd period - Shot Blocked by John Moore.
1:17 of 3rd period - Wrist shot by Ilya Kovalchuk.
1:17 of 3rd period - Stopped by Laurent Brossoit with a rebound.
1:25 of 3rd period - Slapshot by Mike Hoffman.
1:25 of 3rd period - Shot Misses the Net.
1:35 of 3rd period - Slapshot by Brett Pesce.
1:35 of 3rd period - Stopped by Petr Mrazek without a rebound.
1:36 of 3rd period - Bobby Ryan wins face-off versus Derick Brassard in Maple Leafs zone.
2:07 of 3rd period - Wrist shot by Mike Hoffman.
2:07 of 3rd period - Deflect By Jake Debrusk.
2:07 of 3rd period - Stopped by Laurent Brossoit with a rebound.
2:40 of 3rd period - Snap shot by Alexander Nylander.
2:40 of 3rd period - Deflect By Magnus Paajarvi.
2:40 of 3rd period - Shot Misses the Net.
2:40 of 3rd period - Puck is out of play.
2:41 of 3rd period - Brad Richardson wins face-off versus Mattias Janmark in Maple Leafs zone.
2:48 of 3rd period - Snap shot by Magnus Paajarvi.
2:48 of 3rd period - Deflect By Brad Richardson.
2:48 of 3rd period - Shot Blocked by Blake Comeau.
2:48 of 3rd period - Puck is out of play.
2:49 of 3rd period - Mike Hoffman wins face-off versus Derick Brassard in Maple Leafs zone.
2:58 of 3rd period - Mike Hoffman is hit by Adam Larsson and loses puck.
3:03 of 3rd period - Wrist shot by Andreas Athanasiou.
3:03 of 3rd period - Shot Blocked by Ben Hutton.
3:05 of 3rd period - Snap shot by Andreas Athanasiou.
3:05 of 3rd period - Deflect By Derick Brassard.
3:05 of 3rd period - Goal by Derick Brassard - Canadiens : 3 - Maple Leafs : 1.
3:06 of 3rd period - Ryan O'Reilly wins face-off versus Logan Couture in neutral zone.
3:31 of 3rd period - Bobby Ryan is hit by Brett Pesce and loses puck.
4:15 of 3rd period - Slapshot by Magnus Paajarvi.
4:15 of 3rd period - Deflect By Alexander Nylander.
4:15 of 3rd period - Shot Misses the Net.
4:15 of 3rd period - Puck is out of play.
4:16 of 3rd period - Brad Richardson wins face-off versus Ilya Kovalchuk in Maple Leafs zone.
4:17 of 3rd period - Snap shot by Alexander Nylander.
4:17 of 3rd period - Shot Misses the Net.
4:47 of 3rd period - Brent Seabrook is hit by Ben Hutton and loses puck.
5:08 of 3rd period - Major / Game Misconduct Penalty to Mathew Barzal for Abuse of Officials.
5:08 of 3rd period - Mathew Barzal is ejected from game.
5:09 of 3rd period - Bryan Little wins face-off versus Logan Couture in Canadiens zone.
5:19 of 3rd period - Jake Debrusk is hit by Brad Richardson and loses puck.
5:42 of 3rd period - Snap shot by Bobby Ryan.
5:42 of 3rd period - Goal by Bobby Ryan - Canadiens : 3 - Maple Leafs : 2.
5:43 of 3rd period - Bryan Little wins face-off versus Logan Couture in neutral zone.
5:54 of 3rd period - Snap shot by Jake Debrusk.
5:54 of 3rd period - Stopped by Laurent Brossoit with a rebound.
5:56 of 3rd period - Backhand shot by Nikolaj Ehlers.
5:56 of 3rd period - Shot Blocked by Magnus Paajarvi.
5:58 of 3rd period - Slapshot by Mike Hoffman.
5:58 of 3rd period - Stopped by Laurent Brossoit without a rebound.
5:59 of 3rd period - Ryan O'Reilly wins face-off versus Logan Couture in Canadiens zone.
7:20 of 3rd period - Brent Seabrook is hit by Hampus Lindholm and loses puck.
9:12 of 3rd period - Off-side.
9:13 of 3rd period - Mattias Janmark wins face-off versus Mitch Marner in neutral zone.
9:25 of 3rd period - Bryan Little is hit by Jesper Bratt and loses puck.
10:08 of 3rd period - Penalty to Mathew Barzal is over, Mitch Marner is send on ice.
10:20 of 3rd period - John Moore is hit by Blake Comeau and loses puck.
10:27 of 3rd period - Blake Comeau is hit by Max Pacioretty and loses puck.
10:38 of 3rd period - Snap shot by Bobby Ryan.
10:38 of 3rd period - Stopped by Laurent Brossoit with a rebound.
10:54 of 3rd period - Nino Niederreiter is hit by Kaapo Kakko and loses puck.
12:05 of 3rd period - Jake Muzzin is hit by Ilya Kovalchuk and loses puck.
12:27 of 3rd period - John Moore is hit by Bobby Ryan and loses puck.
12:38 of 3rd period - John Moore is hit by Troy Stecher and loses puck.
13:11 of 3rd period - Snap shot by Bobby Ryan.
13:11 of 3rd period - Goal by Bobby Ryan - Canadiens : 3 - Maple Leafs : 3.
13:12 of 3rd period - Derick Brassard wins face-off versus Logan Couture in neutral zone.
13:17 of 3rd period - Wrist shot by Andreas Athanasiou.
13:17 of 3rd period - Deflect By Bryan Little.
13:17 of 3rd period - Goal by Bryan Little - Canadiens : 4 - Maple Leafs : 3.
13:18 of 3rd period - Mike Hoffman wins face-off versus Derick Brassard in neutral zone.
13:21 of 3rd period - Adam Larsson is hit by Troy Stecher and loses puck.
13:43 of 3rd period - Adam Larsson is hit by Nikolaj Ehlers and loses puck.
14:30 of 3rd period - Snap shot by Mattias Janmark.
14:30 of 3rd period - Stopped by Laurent Brossoit with a rebound.
14:41 of 3rd period - Icing by Bryan Little.
14:42 of 3rd period - Bryan Little wins face-off versus Mike Hoffman in Canadiens zone.
14:54 of 3rd period - Slapshot by Bryan Little.
14:54 of 3rd period - Stopped by Petr Mrazek with a rebound.
14:56 of 3rd period - Snap shot by Bryan Little.
14:56 of 3rd period - Stopped by Petr Mrazek with a rebound.
14:58 of 3rd period - Snap shot by Brett Pesce.
14:58 of 3rd period - Stopped by Petr Mrazek without a rebound.
14:59 of 3rd period - Ryan O'Reilly wins face-off versus Logan Couture in Maple Leafs zone.
15:12 of 3rd period - Wrist shot by Chris Kreider.
15:12 of 3rd period - Stopped by Petr Mrazek without a rebound.
15:13 of 3rd period - Bryan Little wins face-off versus Jesper Bratt in Maple Leafs zone.
15:49 of 3rd period - Wrist shot by Mitch Marner.
15:49 of 3rd period - Shot Misses the Net.
15:59 of 3rd period - Slapshot by Jake Debrusk.
15:59 of 3rd period - Shot Blocked by Brent Seabrook.
17:27 of 3rd period - Slapshot by Mitch Marner.
17:27 of 3rd period - Deflect By Ryan O'Reilly.
17:27 of 3rd period - Stopped by Petr Mrazek with a rebound.
17:29 of 3rd period - Snap shot by Adam Larsson.
17:29 of 3rd period - Stopped by Petr Mrazek with a rebound.
17:31 of 3rd period - Wrist shot by Ryan O'Reilly.
17:31 of 3rd period - Stopped by Petr Mrazek with a rebound.
17:43 of 3rd period - Slapshot by Mikhail Sergachev.
17:43 of 3rd period - Stopped by Laurent Brossoit with a rebound.
17:45 of 3rd period - Slapshot by Ben Hutton.
17:45 of 3rd period - Stopped by Laurent Brossoit without a rebound.
17:46 of 3rd period - Derick Brassard wins face-off versus Bobby Ryan in Canadiens zone.
18:12 of 3rd period - Fredrik Claesson is hit by Ryan O'Reilly and loses puck.
18:41 of 3rd period - Wrist shot by Andrei Svechnikov.
18:41 of 3rd period - Shot Blocked by John Moore.
19:09 of 3rd period - Wrist shot by Brad Richardson.
19:09 of 3rd period - Stopped by Petr Mrazek without a rebound.
19:10 of 3rd period - Charlie Huddy call a timeout for Maple Leafs.
19:10 of 3rd period - Brad Richardson wins face-off versus Logan Couture in Maple Leafs zone.
19:38 of 3rd period - Slapshot by Brad Richardson.
19:38 of 3rd period - Stopped by Petr Mrazek without a rebound.
19:39 of 3rd period - Brad Richardson wins face-off versus Logan Couture in Maple Leafs zone.
19:40 of 3rd period - Wrist shot by Ryan O'Reilly.
19:40 of 3rd period - Shot Misses the Net.
19:50 of 3rd period - Brett Pesce is hit by Alex Iafallo and loses puck.
19:53 of 3rd period - Maple Leafs, Petr Mrazek is pulled from the net.
19:55 of 3rd period - Wrist shot by Mike Hoffman.
19:55 of 3rd period - Stopped by Laurent Brossoit with a rebound.
19:57 of 3rd period - Wrist shot by Alex Iafallo.
19:57 of 3rd period - Shot Misses the Net.
19:59 of 3rd period - Snap shot by Alex Iafallo.
19:59 of 3rd period - Stopped by Laurent Brossoit with a rebound.
Goals for this period are 3 for Canadiens vs 2 for Maple Leafs.
Shots for this period are 14 for Canadiens vs 12 for Maple Leafs.